AoeStats
← RedPhosphoru

Arabian Desert

509989343Analyzed
1v1 RM · 2d ago on Sep 28, 2026· 18m 40s· 2 players
Game mode
Random Map
Map size
Tiny (2 player)
Population
200
Speed
Normal
Resources
Standard
Victory
Conquest
Starting age
Dark Age
Ending age
Imperial Age
RankedLock teamsTeams togetherTeam positionsShared explorationLock speedFull tech treeHidden civsTurbo modeCheats
Victory
Defeat
🇨🇱 Mongols · Chile
2127
+24
🇺🇸 Jurchens · United States
2323
-24
RedPhosphoru
9:12 Feudal Age
7:52 Loom
13:07 Castle Age
DGHIR | chanchilaru
6:59 Loom
9:08 Feudal Age
9:28 Feudal Age
13:15 Castle Age
11:30 Double-Bit Axe
14:31 Fletching
Connection lost

Rejoining the realm…

Still unreachable

The connection could not be restored.

Session expired

The server has moved on; the page needs a fresh start.